 Dungeon Crawl Stone Soup version 0.30-a0-570-g486de37d69 (webtiles) character file.

Game seed: 15187326704566101296

4 M4edhros the Charlatan (level 1, 0/13 HPs)
             Began as an Octopode Artificer on Dec 29, 2022.
             Slain by a goblin
             ... wielding a +0 club
              (4 damage)
             ... on level 1 of the Dungeon.
             The game lasted 00:00:10 (47 turns).

M4edhros the Charlatan (Octopode Artificer)           Turns: 47, Time: 00:00:10

Health: 0/13       AC:  1    Str: 11    XL:     1   Next: 70%
Magic:  1/1        EV: 13    Int: 13    God:
Gold:   0          SH:  0    Dex: 12    Spells: 0/0 levels left

rFire   . . .      SeeInvis .    (no weapon)
rCold   . . .      Faith    .    (no shield)
rNeg    . . .      Spirit   .    (helmet restricted)
rPois   .          Reflect  .    (no amulet)
rElec   .          Harm     .    (no ring)
rCorr   .          Rampage  .    (no ring)
Will    .....                    (no ring)
Stlth   +++                      (no ring)
HPRegen 0.22/turn                (no ring)
MPRegen 0.07/turn                (no ring)
                                 (no ring)
                                 (no ring)

@: no status effects
A: almost no armour, amphibious, 8 rings, camouflage 1, gelatinous body 1,
(nimble swimmer 1), tentacles
a: no special abilities


You were on level 1 of the Dungeon.
You visited 1 branch of the dungeon, and saw 1 of its levels.

Inventory:

Wands
 b - a wand of flame (15) (quivered)
 c - a wand of charming (15)
 d - a wand of iceblast (5)


   Skills:
 + Level 1.1 Fighting
 + Level 2.4 Dodging
 + Level 1.5 Stealth
 * Level 0.6 Unarmed Combat
 + Level 3.3 Evocations


You couldn't memorise any spells.
You didn't know any spells.
Your spell library was empty.

Dungeon Overview and Level Annotations

Branches:
Dungeon (1/15)

Altars:


Innate Abilities, Weirdness & Mutations

You cannot wear most types of armour.
You are amphibious.
You can wear up to eight rings at the same time.
Your skin changes colour to match your surroundings (Stealth+).
Your rubbery body absorbs attacks. (AC +1, EV +1)
((You are camouflaged when in or above water. (Stealth+)))
You have tentacles for arms and can constrict up to eight enemies at once.


Message History

You constrict the jackal. The jackal closely misses you.
You barely miss the jackal. You squeeze the jackal.
The jackal is moderately wounded.
You constrict the jackal. The jackal barely misses you. x2
You tentacle-slap the jackal.
The jackal is severely wounded.
You constrict the jackal. The jackal barely misses you.
You tentacle-slap the jackal.
You kill the jackal!
No target in view!
A jackal comes into view.
A jackal is nearby!
A jackal is nearby!
A ball python comes into view.
A ball python is nearby!
A goblin comes into view. It is wielding a +0 club.
Found 12 gold pieces.
The ball python hisses angrily.
The goblin shouts!
You hear a bark!
A jackal comes into view.
You hear a shout!
You closely miss the ball python. Your grab misses the ball python.
The ball python bites you. The ball python grabs you.
The ball python constricts you.
You barely miss the ball python. You grab the ball python.
You constrict the ball python. The ball python bites you.
The ball python constricts you.
You tentacle-slap the ball python.
You kill the ball python!
The jackal barely misses you.
You tentacle-slap the jackal. You grab the jackal.
The jackal is heavily wounded.
You constrict the jackal. The jackal bites you.
The goblin hits you with a +0 club.
You closely miss the goblin. Your grab misses the goblin.
You squeeze the goblin.
The goblin is severely wounded.
You constrict the jackal.
You kill the jackal!
The goblin hits you with a +0 club.
You die...

#.# #.## #..# ###≈§≈≈
#.$###§≈≈§≈≈
#..##≈§§§§#§ #
#..##§≈≈§§≈≈
....#########..#≈§#≈≈§≈≈
#....†@.......#≈≈≈≈≈###
##....g.#####)'.§.....>
######..# #.'.§§....<
..... #.#≈≈§≈≈###
.........#§≈#≈≈≈≈§
.....#..####≈≈§§§≈≈
......#.... #§≈§≈≈#§
#......#...$ ##≈≈≈§§≈ #
###§≈≈≈


You could see a goblin.

Vanquished Creatures
  A ball python (D:1)
  3 jackals (D:1)
  A frilled lizard (D:1)
5 creatures vanquished.

Notes
Turn   | Place    | Note
-------+----------+-------------------------------------------
     0 | D:1      | M4edhros the Octopode Artificer began the quest for the
                  | Orb.
     0 | D:1      | Reached XP level 1. HP: 13/13 MP: 1/1
    47 | D:1      | Slain by a goblin

Illustrated notes

Levels and vault maps discovered:
D:1:      lightli_molten_gateway, layout_basic, minmay_misc_feat_rugged,
          minmay_pentomino_x4

Action                   || total
-------------------------++-------
Melee: Unarmed           ||    15
       Constrict         ||     4
       Tentacles         ||     2
Dodge: Dodged            ||     8

Table legend: (Time is in decaauts)
 A = Elapsed time spent in this place.
 B = Non-inter-level travel time spent in this place.
 C = Inter-level travel time spent in this place.
 D = Time resting spent in this place.
 E = Time spent auto-exploring this place.
 F = Levels seen in this place.
 G = Mean time per level.
                   A        B        C        D        E       F      G
               +--------+--------+--------+--------+--------+-----+--------+
         Total |     47 |     47 |      0 |      0 |     19 |   1 |   47.0 |
       Dungeon |     47 |     47 |      0 |      0 |     19 |   1 |   47.0 |
               +--------+--------+--------+--------+--------+-----+--------+

Top non-repeatable levels by time:
     D:1: 47 daAuts
